AoeStats
← postavič

Arena

505033654Analyzed
4v4 RM · 25d ago on Sep 7, 2026· 42m 28s· 8 players
Game mode
Random Map
Map size
Large (8 player)
Population
200
Speed
Normal
Resources
Standard
Victory
Conquest
Starting age
Dark Age
Ending age
Imperial Age
RankedLock teamsTeams togetherTeam positionsShared explorationLock speedFull tech treeHidden civsTurbo modeCheats
Victory
Defeat
🇨🇦 Tatars · Canada
1807
+8
🇧🇬 Japanese · Bulgaria
1775
+9
🇨🇳 Italians · China
1733
+10
🇺🇸 Magyars · United States
1662
+12
🇨🇿 Bohemians · Czechia
1648
-12
🇨🇿 Malians · Czechia
1614
-10
🇨🇿 Armenians · Czechia
1583
-9
🇨🇿 Inca · Czechia
1560
-8
Zni.Locuss
10:43 Feudal Age
14:38 Castle Age
12:41 Double-Bit Axe
12:38 Horse Collar
16:52 Bow Saw
23:08 Wheelbarrow
23:39 Heavy Plow
23:50 Loom
27:34 Imperial Age
25:17 Fletching
25:25 Guard Tower
26:03 Bodkin Arrow
26:47 Hand Cart
26:18 Town Watch
26:44 Gold Mining
26:56 Stone Mining
27:53 Ballistics
28:16 Bracer
28:17 Padded Archer Armor
29:21 Chemistry
29:47 Husbandry
29:58 Bloodlines
30:05 Leather Archer Armor
30:17 Thumb Ring
30:56 Parthian Tactics
30:21 Heavy Cavalry Archer
31:10 Yasama
32:34 Conscription
32:49 Ring Archer Armor
33:48 Keep
33:19 Siege Engineers
33:56 Coinage
35:24 Two-Man Saw
34:56 Treadmill Crane
35:27 Masonry
37:54 Kataparuto
40:18 Banking
清远华
10:37 Feudal Age
11:22 Double-Bit Axe
14:07 Castle Age
12:35 Horse Collar
15:12 Bow Saw
22:57 Wheelbarrow
23:00 Loom
23:59 Gold Mining
24:00 Stone Mining
26:43 Imperial Age
24:35 Scale Mail Armor
24:46 Forging
25:21 Hand Cart
24:58 Gold Mining
26:00 Squires
25:45 Arson
26:39 Chain Mail Armor
26:35 Forging
27:32 Forging
28:26 Two-Man Saw
27:27 Heavy Plow
28:24 Plate Mail Armor
31:41 Chemistry
31:01 Ballistics
31:18 Iron Casting
31:09 Fletching
31:49 Conscription
32:11 Guilds
31:24 Elite Skirmisher
32:27 Thumb Ring
32:58 Bodkin Arrow
33:03 Padded Archer Armor
33:44 Bracer
33:46 Padded Archer Armor
35:21 Leather Archer Armor
36:07 Blast Furnace
38:18 Ring Archer Armor
38:29 Coinage
38:31 Masonry
38:43 Bombard Tower
38:07 Pikeman
40:19 Hoardings
40:39 Banking
Fs.BlinkAoE
5:58 Loom
8:39 Feudal Age
9:32 Double-Bit Axe
9:30 Horse Collar
13:08 Fletching
21:40 Town Watch
24:13 Castle Age
23:44 Scale Barding Armor
23:55 Bloodlines
23:59 Gold Mining
24:41 Forging
26:00 Wheelbarrow
25:28 Husbandry
26:39 Bow Saw
30:50 Chain Barding Armor
32:21 Hand Cart
32:25 Bodkin Arrow
34:25 Gold Shaft Mining
34:27 Ballistics
34:35 Silk Armor
34:37 Padded Archer Armor
38:10 Imperial Age
38:02 Iron Casting
38:04 Stone Mining
38:04 Light Cavalry
39:04 Bracer
40:06 Chemistry
38:28 Heavy Cavalry Archer
39:51 Leather Archer Armor
40:15 Plate Barding Armor
41:13 Ring Archer Armor
40:06 Hussar
41:25 Heavy Plow
43:25 Blast Furnace
Freidle
10:31 Feudal Age
14:37 Castle Age
12:46 Double-Bit Axe
13:11 Horse Collar
13:58 Loom
13:59 Town Watch
16:12 Bow Saw
22:03 Devotion
26:47 Husbandry
29:41 Scale Barding Armor
35:55 Wheelbarrow
36:03 Stone Mining
36:04 Gold Mining
39:43 Imperial Age
38:01 Bloodlines
40:05 Chain Barding Armor
39:45 Cavalier
40:49 Conscription
41:04 Hand Cart
40:34 Town Watch
41:36 Plate Barding Armor
42:21 Two-Man Saw
41:17 Light Cavalry
.::North::.
10:45 Feudal Age
14:38 Castle Age
13:33 Double-Bit Axe
13:30 Horse Collar
24:17 Heavy Plow
24:53 Bow Saw
26:32 Gold Mining
29:41 Imperial Age
27:49 Scale Barding Armor
28:25 Wheelbarrow
28:15 Man-at-Arms
29:11 Squires
29:06 Loom
29:36 Hand Cart
29:14 Light Cavalry
29:21 Long Swordsman
30:36 Chain Barding Armor
30:40 Bloodlines
30:31 Husbandry
30:22 Town Watch
31:10 Crop Rotation
30:39 Two-Handed Swordsman
31:07 Arson
31:59 Plate Barding Armor
32:47 Forging
32:40 Scale Mail Armor
32:19 Champion
33:33 Farimba
36:03 Chemistry
35:40 Iron Casting
35:24 Chain Mail Armor
37:35 Conscription
38:41 Plate Mail Armor
postavič
11:10 Feudal Age
12:21 Double-Bit Axe
15:30 Castle Age
16:25 Bow Saw
17:22 Horse Collar
20:23 Wheelbarrow
24:47 Loom
25:30 Gold Mining
28:12 Imperial Age
25:48 Heavy Plow
25:40 Stone Mining
26:45 Hand Cart
26:51 Fletching
27:02 Padded Archer Armor
28:09 Gold Shaft Mining
27:35 Bodkin Arrow
28:29 Leather Archer Armor
28:35 Ballistics
30:40 Chemistry
30:42 Bracer
32:08 Elite Composite Bowman
33:53 Ring Archer Armor
35:18 Scale Barding Armor
35:23 Forging
36:24 Conscription
36:21 Bloodlines
36:11 Husbandry
35:32 Light Cavalry
36:37 Chain Barding Armor
39:57 Fereters
39:35 Man-at-Arms
40:01 Gambesons
40:03 Arson
40:19 Squires
41:11 Iron Casting
40:38 Scale Mail Armor
40:14 Long Swordsman
41:53 Two-Handed Swordsman
42:51 Chain Mail Armor
olík je slabučký
10:23 Feudal Age
9:18 Loom
14:34 Castle Age
12:59 Double-Bit Axe
17:07 Fervor
18:09 Sanctity
19:54 Redemption
29:00 Imperial Age
26:31 Horse Collar
28:31 Fletching
31:57 Chemistry
33:40 Bodkin Arrow
34:06 Ballistics
34:16 Fortified Wall
35:06 Bow Saw
34:57 Heavy Plow
35:34 Wheelbarrow
34:23 Elite Skirmisher
35:19 Bracer
36:00 Padded Archer Armor
38:30 Two-Man Saw
37:46 Hand Cart
38:01 Padded Archer Armor
alesh
10:35 Feudal Age
9:21 Loom
14:40 Castle Age
12:47 Horse Collar
12:54 Double-Bit Axe
22:32 Horse Collar
24:52 Bow Saw
26:17 Wheelbarrow
26:58 Gold Mining
31:12 Imperial Age
30:48 Scale Mail Armor
30:59 Forging
33:02 Gold Shaft Mining
32:28 Heavy Plow
31:51 Capped Ram
32:54 Heavy Plow
33:10 Chain Mail Armor
33:31 Iron Casting
32:59 Squires
32:44 Arson
34:07 Hand Cart
34:35 Conscription
34:47 Plate Mail Armor
34:42 Fabric Shields
35:57 Siege Ram
37:04 Stone Mining
37:27 Elite Kamayuk
39:19 Iron Casting
41:09 Blast Furnace
Connection lost

Rejoining the realm…

Still unreachable

The connection could not be restored.

Session expired

The server has moved on; the page needs a fresh start.